 Dungeon Sprint DCSS version 0.17.1-1-g73c8601 (webtiles) character file.

252 Ponchio the Skirmisher (level 6, -5/44 HPs)
             Began as a Gargoyle Fighter on Dec 27, 2015.
             Was an Elder of Qazlal.
             Slain by a death cob (16 damage)
             ... in the Dungeon (Sprint VII: "The Pits").
             The game lasted 00:09:43 (576 turns).

Ponchio the Skirmisher (Gargoyle Fighter)            Turns: 576, Time: 00:09:46

Health: -5/44      AC: 24    Str: 19    XL:     6   Next: 14%
Magic:  6/6        EV:  4    Int:  9    God:    Qazlal [****..]
Gold:   0          SH: 15    Dex: 11    Spells: 0 memorised, 5 levels left

rFire  . . .     SeeInvis .     s - +2 flail (protect)
rCold  . . .     Clarity  .     t - +2 plate armour
rNeg   + . .     SustAt   .     c - +0 shield
rPois  ∞         Gourm    .     (no helmet)
rElec  +         Spirit   .     (no cloak)
rCorr  .         Warding  .     (no gloves)
rMut   .         NoTele   +     (no boots)
MR     .....                    (no amulet)
Stlth  ..........               (no ring)
                                (no ring)

@: exhausted, very slightly contaminated, hasted and slowed, repel missiles, not
resistant to hostile enchantments, extremely unstealthy
A: negative energy resistance 1, electricity resistance, unbreathing,
petrification resistance, rot immunity, AC +4
a: Upheaval, Elemental Force, Renounce Religion


You were in the Dungeon.
You worshipped Qazlal.
Qazlal was greatly pleased with you.
You were not hungry.

You visited 1 branch

Inventory:

Hand Weapons
 s - a +2 flail of protection (weapon)
Armour
 c - a +0 shield (worn)
 t - a +2 plate armour (worn)
Scrolls
 o - 3 scrolls of remove curse
 p - 5 scrolls of amnesia
 q - a scroll of summoning
Potions
 d - a potion of might
 f - 6 potions of curing
 i - 4 potions of magic
 j - 2 potions of berserk rage
 n - 2 potions of invisibility
Comestibles
 e - 8 bread rations
 l - 37 fruits
 m - 4 meat rations


   Skills:
 + Level 7.5 Fighting
 + Level 6.3 Maces & Flails
 + Level 7.4 Armour
 + Level 7.4 Shields


You had 5 spell levels left.
You didn't know any spells.

Dungeon Overview and Level Annotations

Branches:
Dungeon (1/1)

Altars:
Ashenzari
Cheibriados
Dithmenos
Elyvilon
Fedhas
Gozag
Kikubaaqudgha
Makhleb
Nemelex Xobeh
Okawaru
Qazlal
Ru
Sif Muna
Trog
Vehumet
Xom
Yredelemnul
Zin
The Shining One
Beogh
Jiyva
Lugonu


Innate Abilities, Weirdness & Mutations

You are resistant to torment.
Your stone body is resilient (AC +4).
You are immune to poison.
You resist negative energy.
You are resistant to electric shocks.
You can survive without breathing.
You are immune to petrification.
You are immune to rotting.


Message History

You are no longer berserk.
You are exhausted.
You feel yourself slow down.
You are starving!
The death cob hits you.
You feel somewhat more hungry. You block the death cob's attack.
Drink which item? (? for menu, Esc to quit)
You feel much better. The death cob hits you.
You feel somewhat more hungry. The death cob hits you!!
* * * LOW HITPOINT WARNING * * *
You are fainting from starvation!
Eat which item? (? for menu, Esc to quit)
The death cob hits you.
You feel a lot more hungry. The death cob barely misses you.
The death cob hits you.
You feel a lot more hungry.
You continue eating.
The death cob barely misses you. You block the death cob's attack.
You continue eating.
You block the death cob's attack. The death cob hits you!
You die...

#_#)))'.'..##.....
#_#).)#.#?(##.....
#######'#####.....
#..........÷'.....
#'#####'#####.....
#.#.....#[.##.....
#.#...§.#))#####'#
#.###†###))##.....
#@#.....#.)##.....
#z#.....#..##.....
#.####†##'###...<.
#)#........##.....
#.#...)....##.....
#'###########.....
#..#.#.## ######
#.......#
##.#.#.##


You could see a death cob.

Vanquished Creatures
  A black bear (D)
  A necrophage (D)
  A jelly (D)
  A worker ant (D)
  An adder (D)
  A white imp (D)
  An adder zombie (D)
  An adder skeleton (D)
  A bat zombie (D)
  A hobgoblin (D)
  A quokka (D)
  A ball python (D)
  A giant cockroach (D)
  A giant newt (D)
  3 jackals (D)
  A rat (D)
18 creatures vanquished.

Notes
Turn   | Place    | Note
--------------------------------------------------------------
     0 | D        | Ponchio the Gargoyle Fighter began the quest for the Orb.
     0 | D        | Reached XP level 1. HP: 14/14 MP: 1/1
    38 | D        | Reached skill level 4 in Armour
    38 | D        | Reached XP level 2. HP: 13/20 MP: 2/2
   219 | D        | Found a sacrificial altar of Ru.
   219 | D        | Found a basalt altar of Yredelemnul.
   219 | D        | Found a shadowy altar of Dithmenos.
   219 | D        | Found a deep blue altar of Sif Muna.
   219 | D        | Found a burning altar of Makhleb.
   219 | D        | Found a shimmering altar of Xom.
   219 | D        | Found an ancient bone altar of Kikubaaqudgha.
   219 | D        | Found a sparkling altar of Nemelex Xobeh.
   220 | D        | Found a glowing golden altar of the Shining One.
   220 | D        | Found a bloodstained altar of Trog.
   220 | D        | Found a shattered altar of Ashenzari.
   220 | D        | Found a white marble altar of Elyvilon.
   220 | D        | Found a snail-covered altar of Cheibriados.
   220 | D        | Found a blossoming altar of Fedhas.
   220 | D        | Found a radiant altar of Vehumet.
   220 | D        | Found a glowing silver altar of Zin.
   220 | D        | Found a corrupted altar of Lugonu.
   220 | D        | Found a viscous altar of Jiyva.
   220 | D        | Found a roughly hewn altar of Beogh.
   220 | D        | Found an iron altar of Okawaru.
   226 | D        | Found a stormy altar of Qazlal.
   226 | D        | Found an opulent altar of Gozag.
   230 | D        | Became a worshipper of Qazlal Stormbringer
   277 | D        | Reached * piety under Qazlal
   358 | D        | Noticed a worker ant
   364 | D        | Reached ** piety under Qazlal
   370 | D        | Killed a worker ant
   370 | D        | Reached skill level 5 in Fighting
   370 | D        | Reached XP level 3. HP: 24/26 MP: 3/3
   446 | D        | Noticed a black bear
   451 | D        | Noticed a necrophage
   455 | D        | Reached skill level 5 in Armour
   455 | D        | Reached skill level 5 in Shields
   463 | D        | Killed a black bear
   463 | D        | Reached *** piety under Qazlal
   463 | D        | Reached skill level 6 in Fighting
   463 | D        | Reached skill level 5 in Maces & Flails
   463 | D        | Reached XP level 4. HP: 26/32 MP: 4/4
   463 | D        | Reached XP level 5. HP: 30/37 MP: 5/5
   469 | D        | Killed a necrophage
   469 | D        | Reached skill level 7 in Fighting
   526 | D        | Noticed a jelly
   529 | D        | Killed a jelly
   529 | D        | Reached **** piety under Qazlal
   529 | D        | Reached XP level 6. HP: 44/44 MP: 6/6
   543 | D        | Noticed a death cob
   576 | D        | Slain by a death cob

Action                   |  1- 3 |  4- 6 || total
-------------------------+-------+-------++-------
Melee: Flail             |    25 |    17 ||    42
       Mace              |    30 |       ||    30
  Use: Potion            |       |     8 ||     8
       Scroll            |       |     1 ||     1
  Eat: Meat ration       |       |     3 ||     3
       Fruit             |       |     3 ||     3
